 Dungeon Crawl Stone Soup version 0.22-a0-117-g314b90714a (webtiles) character file.

2760 Ordine the Magician (level 9, -2/48 HPs)
             Began as a Deep Elf Wizard on Jan 30, 2018.
             Was an Initiate of Sif Muna.
             Killed by nerve-wracking pain
             ... invoked by an orc priest
              (3 damage)
             ... on level 7 of the Dungeon.
             The game lasted 00:28:00 (8018 turns).

Ordine the Magician (Deep Elf Wizard)               Turns: 8018, Time: 00:28:01

Health: -2/48      AC:  5    Str:  4    XL:     9   Next: 41%
Magic:  9/30       EV: 14    Int: 27    God:    Sif Muna [......]
Gold:   525        SH:  0    Dex: 13    Spells: 11/22 levels left

rFire    . . .     SeeInvis .   o - +3 dagger (freeze)
rCold    . . .     Gourm    .   (no shield)
rNeg     . . .     Faith    .   a - +0 robe
rPois    .         Spirit   .   b - +0 hat
rElec    .         Reflect  .   s - +0 cloak
rCorr    .         Harm     .   (no gloves)
MR       .....                  k - +1 pair of boots
Stlth    +++.......             (no amulet)
HPRegen  0.16/turn              w - ring of magical power
MPRegen  0.22/turn              (no ring)

@: very slightly contaminated
A: no striking features
a: Renounce Religion


You were on level 7 of the Dungeon.
You worshipped Sif Muna.
Sif Muna was noncommittal.
You were hungry.

You visited 1 branch of the dungeon, and saw 7 of its levels.

You collected 525 gold pieces.

Inventory:

Hand Weapons
 o - a +3 dagger of freezing (weapon)
 t - a +2 dagger of pain
Armour
 a - a +0 robe (worn)
 b - a +0 hat (worn)
 k - a +1 pair of boots (worn)
 s - a +0 cloak (worn)
Magical Staves
 x - an uncursed staff of conjuration
Jewellery
 w - a ring of magical power (left hand)
 y - a +4 amulet of reflection {unknown}
Wands
 u - a wand of flame (82)
 v - a wand of polymorph (18)
Scrolls
 e - 4 scrolls of teleportation
 i - 6 scrolls of remove curse
 m - a scroll of blinking
 q - 2 scrolls of magic mapping
Potions
 f - a potion of magic {unknown}
 g - 2 potions of ambrosia
 h - 2 potions of haste
 j - a potion of heal wounds
 l - a potion of resistance {unknown}
 n - a potion of brilliance {unknown}
 p - a potion of curing {unknown}
 r - 2 potions of agility
 z - a potion of might {unknown}
 A - a potion of lignification {unknown}
 C - a potion of berserk rage {unknown}
Books
 c - a book of Minor Magic

   Spells                             Type                      Level
   a - Magic Dart                     Conjuration                  1
   b - Blink                          Translocation                2
   c - Call Imp                       Summoning                    2
   d - Slow                           Hexes                        2
   e - Conjure Flame                  Conjuration/Fire             3
   f - Mephitic Cloud                 Conjuration/Poison/Air       3
Comestibles
 d - 15 rations


   Skills:
 + Level 1.8 Fighting
 * Level 6.2 Short Blades
 + Level 4.3 Dodging
 + Level 4.2 Stealth
 + Level 7.0 Spellcasting
 - Level 4.0 Conjurations
 + Level 2.5 Summonings
 - Level 4.0 Translocations
 - Level 4.0 Fire Magic
 - Level 4.0 Air Magic
 + Level 2.1 Poison Magic
 + Level 2.5 Invocations
 + Level 3.1 Evocations


You had 11 spell levels left.
You knew the following spells:

 Your Spells              Type           Power        Failure   Level  Hunger
a - Magic Dart            Conj           ####         1%          1    None
b - Blink                 Tloc           N/A          1%          2    None
c - Conjure Flame         Conj/Fire      ####....     3%          3    None
d - Mephitic Cloud        Conj/Pois/Air  ####....     4%          3    None
e - Call Imp              Summ           ###.....     3%          2    None


Dungeon Overview and Level Annotations

Branches:
Dungeon (7/15)
 Temple: D:4-7

Altars:
Gozag
Hepliaklqana
Nemelex Xobeh
Ru
Sif Muna
Trog
Uskayaw
Xom


Message History

Aiming: Mephitic Cloud (safe; 4% risk of failure)
Press: ? - help, Shift-Dir - straight line, p - orc priest The ball explodes into a vile cloud!
The stinking cloud engulfs the orc warrior.
The orc priest mumbles some strange prayers to Beogh against your white imp.
Your white imp is smitten.
Your white imp dies!
The orc warrior is engulfed in noxious fumes.
The orc warrior hits you with a mace!
Unknown command.
You closely miss the orc warrior. The orc priest barely misses you.
Your white imp gestures at the orc warrior.
The puff of frost hits the orc warrior.
The orc warrior is engulfed in noxious fumes.
The orc warrior hits you with a mace!!
* * * LOW HITPOINT WARNING * * *
The orc priest calls down the wrath of Beogh upon you.
Pain shoots through your body!
You die...

#.# #.###### . #.#
#.##...# # #.####
#.##.#.# # #.§.§#
#.##.#.#########
####.####....#........##
#..5.5.#######.......
#.###.§...#..).###.##
#)W5oo#.#.#....###.##
#..o@§#...#..........
.......######......###)##
.####§#. #........# #.##
#§§.# #.#....).###... §#§
# #............
#..#...###### #......#
......... #.#......##


You could see a hungry ghost, an orc warrior, an orc priest, an orc wizard, a
friendly crimson imp and a friendly white imp.

Vanquished Creatures
  The ghost of dricus the Chopper, an amateur DDFi (D:3)
  3 yaks (D:7)
  Duvessa (D:7)
  An orc warrior (D:6)
  A black bear (D:7)
  An ice beast (D:5)
  A sky beast (D:5)
  2 ogres
  2 centaurs (D:7)
  4 big kobolds
  A bullfrog (D:7)
  A water moccasin zombie (D:7)
  Dowan (D:7)
  A howler monkey (D:5)
  2 crimson imps
  A bullfrog zombie (D:5)
  4 hounds
  3 orc wizards
  Crazy Yiuf (D:7)
  3 bullfrog skeletons
  A centaur skeleton (D:6)
  A jelly (D:5)
  Natasha (thrice) (D:4)
  An iguana (D:5)
  2 worker ants (D:5)
  3 gnolls
  13 adders
  2 oozes
  A worm (D:3)
  3 dart slugs (D:1)
  4 leopard geckos
  16 orcs
  A ball python (D:2)
  6 bats
  7 giant cockroaches
  9 goblins
  9 hobgoblins
  18 jackals
  2 quokkas (D:5)
  3 frilled lizards
  A giant cockroach zombie (D:5)
  52 kobolds
  A leopard gecko skeleton (D:4)
  A leopard gecko zombie (D:5)
  3 rats (D:2)
198 creatures vanquished.

Notes
Turn   | Place    | Note
-------+----------+-------------------------------------------
     0 | D:1      | Ordine the Deep Elf Wizard began the quest for the Orb.
     0 | D:1      | Reached XP level 1. HP: 10/10 MP: 7/7
   244 | D:1      | Reached XP level 2. HP: 15/15 MP: 5/9
   260 | D:1      | Learned a level 2 spell: Blink
   742 | D:1      | Reached XP level 3. HP: 19/19 MP: 6/11
   747 | D:1      | Learned a level 3 spell: Conjure Flame
   751 | D:1      | Learned a level 3 spell: Mephitic Cloud
  1222 | D:2      | Reached XP level 4. HP: 19/24 MP: 4/12
  1252 | D:2      | Reached skill level 5 in Spellcasting
  1638 | D:3      | Reached skill level 1 in Fire Magic
  2063 | D:3      | Reached skill level 1 in Air Magic
  2377 | D:3      | Noticed a big kobold
  2378 | D:3      | Reached XP level 5. HP: 26/28 MP: 6/14
  2446 | D:3      | Noticed dricus's ghost (amateur DDFi)
  2980 | D:2      | Reached skill level 1 in Short Blades
  2980 | D:2      | Reached XP level 6. HP: 28/32 MP: 0/16
  3786 | D:3      | You fall through a shaft for 3 floors!
  3954 | D:5      | Entered Level 5 of the Dungeon
  4068 | D:4      | Noticed Natasha
  4078 | D:4      | Killed Natasha
  4089 | D:4      | Reached skill level 6 in Spellcasting
  4089 | D:4      | Reached XP level 7. HP: 36/36 MP: 2/18
  4395 | D:3      | Killed dricus's ghost
  5139 | D:4      | Noticed Natasha
  5143 | D:4      | Killed Natasha
  5196 | D:4      | Noticed Natasha
  5202 | D:4      | Killed Natasha
  5426 | D:5      | Reached XP level 8. HP: 37/41 MP: 11/19
  5800 | D:5      | Reached skill level 1 in Evocations
  6186 | D:5      | Reached skill level 5 in Short Blades
  6211 | D:5      | Found a deep blue altar of Sif Muna.
  6214 | D:5      | Became a worshipper of Sif Muna the Loreminder
  6648 | D:6      | Found a hazy altar of Hepliaklqana.
  6649 | D:6      | Found a shimmering altar of Xom.
  6650 | D:6      | Noticed a spectral ugly thing
  6941 | D:6      | Reached skill level 1 in Invocations
  6953 | D:6      | Learned a level 2 spell: Call Imp
  7011 | D:6      | Found a bloodstained altar of Trog.
  7011 | D:6      | Found a sparkling altar of Nemelex Xobeh.
  7012 | D:6      | Found an opulent altar of Gozag.
  7065 | D:6      | Found a sacrificial altar of Ru.
  7267 | D:7      | Reached skill level 1 in Fighting
  7271 | D:7      | Reached skill level 1 in Poison Magic
  7275 | D:7      | Reached XP level 9. HP: 47/47 MP: 20/20
  7591 | D:7      | Found a hide-covered altar of Uskayaw.
  7657 | D:7      | Noticed Duvessa
  7657 | D:7      | Noticed Dowan
  7677 | D:7      | Killed Duvessa
  7679 | D:7      | Killed Dowan
  7856 | D:7      | Reached skill level 7 in Spellcasting
  7920 | D:7      | Found a runed door.
  7924 | D:7      | Noticed Crazy Yiuf
  7928 | D:7      | Killed Crazy Yiuf
  8018 | D:7      | HP: 1/48 [orc warrior/mace (20)]
  8018 | D:7      | Killed from afar by an orc priest

Vault maps used:
D:1:      saegor_arrival_simple_d, st_stairs_4
D:3:      minmay_goblin_kobold_castle, hangedman_abyss_or_decor_stabs,
          hangedman_decor_points
D:4:      uniq_natasha
D:5:      lemuel_blue_sif_altar, first_ration
D:6:      wad_crossroads, regret_index_temple_of_mockery,
          nicolae_ru_path_of_blood, gammafunk_temple_overflow_claw,
          kennysheep_generic_room_15
D:7:      lemuel_round_altar, grunt_dithmenos_smoke_and_mirrors,
          minmay_temple_entry_poolview, nrook_pool_corridor, uniq_duvessa,
          uniq_crazy_yiuf_cottage

Skill      XL: |  1  2  3  4  5  6  7  8  9 |
---------------+----------------------------+-----
Conjurations   | 2 3 4 |  4.0
Dodging        | 3 4 |  4.3
Stealth        | 3 4 |  4.2
Spellcasting   | 5 6 7 |  7.0
Fire Magic     | 1 2 3 4 |  4.0
Air Magic      | 1 2 3 4 |  4.0
Translocations | 2 3 4 |  4.0
Short Blades   | 1 2 4 5 6 |  6.2
Evocations     | 2 3 |  3.1
Invocations    | 1 2 |  2.5
Fighting       | 1 |  1.8
Poison Magic   | 1 2 |  2.1
Summonings     | 2 |  2.5

Action                   |  1- 3 |  4- 6 |  7- 9 || total
-------------------------+-------+-------+-------++-------
Melee: Unarmed           |     6 |       |       ||     6
       Dagger            |       |    40 |    40 ||    80
 Cast: Magic Dart        |    86 |   188 |   254 ||   528
       Mephitic Cloud    |       |     8 |    12 ||    20
       Blink             |       |     5 |     5 ||    10
       Conjure Flame     |       |     6 |     9 ||    15
       Call Imp          |       |       |     6 ||     6
  Use: Scroll            |     3 |     4 |     4 ||    11
       Potion            |       |     1 |       ||     1
 Stab: Confused          |       |     1 |     9 ||    10
       Sleeping          |       |       |     1 ||     1
  Eat: Chunk             |     1 |     8 |    12 ||    21
Armor: Robe              |     6 |    23 |    14 ||    43
Dodge: Dodged            |    18 |    66 |    78 ||   162

Table legend:
 A = Spawn XP
 B = Non-spawn XP
 C = Spawn XP percentage of total XP
 D = Spawn monster count
 E = Non-spawn monster count
 F = Spawn count percentage of total count
 G = Total turns spent on level
                    A         B        C        D         E        F      G
               +---------+---------+-------+---------+---------+-------+---------
         Total |       0 |    3944 |   0.0 |       0 |     198 |   0.0 |  8018
               +---------+---------+-------+---------+---------+-------+---------
           D:1 |       0 |      46 |   0.0 |       0 |      21 |   0.0 |   970
           D:2 |       0 |     170 |   0.0 |       0 |      25 |   0.0 |   862
           D:3 |       0 |     671 |   0.0 |       0 |      76 |   0.0 |  2281
           D:4 |       0 |     345 |   0.0 |       0 |      13 |   0.0 |  1056
           D:5 |       0 |     661 |   0.0 |       0 |      26 |   0.0 |  1010
           D:6 |       0 |     319 |   0.0 |       0 |      14 |   0.0 |  1019
           D:7 |       0 |    1732 |   0.0 |       0 |      23 |   0.0 |   820
               +---------+---------+-------+---------+---------+-------+---------
